 Dungeon Crawl Stone Soup version 0.21.0-3-g78d12a8 (webtiles) character file.

677 Monsterracer the Changer (level 7, 0/47 HPs)
             Began as a Vampire Transmuter on Jan 14, 2018.
             Slain by an ogre
             ... wielding a +0 giant club
              (13 damage)
             ... on level 4 of the Dungeon.
             The game lasted 00:07:24 (3706 turns).

Monsterracer the Changer (Vampire Transmuter)       Turns: 3706, Time: 00:07:25

Health: 0/47       AC:  6    Str:  9    XL:     7   Next: 33%
Magic:  13/13      EV: 13    Int: 18    God:
Gold:   210        SH:  0    Dex: 14    Spells: 3/14 levels left

rFire    + . .     SeeInvis +     - Unarmed
rCold    . . .     Gourm    .   (no shield)
rNeg     . . .     Faith    .   n - +2 robe {rF+}
rPois    .         Spirit   .   s - +0 helmet
rElec    .         Reflect  .   (no cloak)
rCorr    .         Harm     .   (no gloves)
MR       +....                  b - +0 pair of boots
Stlth    +.........             t - amulet of magic regeneration
HPRegen  0.35/turn              f - ring of protection from magic {!d}
MPRegen  0.38/turn              (no ring)

@: regenerating quickly
A: fangs 3, see invisible, unbreathing
a: no special abilities


You were on level 4 of the Dungeon.
You were full.

You visited 1 branch of the dungeon, and saw 5 of its levels.

You collected 210 gold pieces.

Inventory:

Missiles
 a - 60 arrows
Armour
 b - a +0 pair of boots (worn)
 n - a +2 robe of fire resistance (worn)
 s - a +0 helmet (worn)
 v - a +0 ring mail of positive energy
Jewellery
 f - a ring of protection from magic (left hand) {!d}
 t - an amulet of magic regeneration (around neck)
 u - a cursed amulet of inaccuracy {unknown}
Wands
 p - a wand of digging (7)
 w - a wand of flame (17)
Scrolls
 g - 2 scrolls of identify {unknown}
 h - 2 scrolls of magic mapping {unknown}
 i - a scroll of remove curse {unknown}
 j - a scroll of blinking {unknown}
 l - a scroll of teleportation {unknown}
 o - a scroll of immolation {unknown}
 r - a scroll of fog {unknown}
 x - a scroll of enchant weapon {unknown}
Potions
 d - 21 potions of blood
 e - 2 potions of flight {unknown}
 k - 2 potions of lignification {unknown}
 m - a potion of degeneration {unknown}
 q - a potion of ambrosia {unknown}
Books
 c - a book of Changes

   Spells                             Type                      Level
   a - Beastly Appendage              Transmutation                1
   b - Sticks to Snakes               Transmutation                2
   c - Spider Form                    Transmutation/Poison         3
   d - Ice Form                       Ice/Transmutation            4
   e - Blade Hands                    Transmutation                5


   Skills:
 - Level 0.8 Fighting
 + Level 2.7 Dodging
 + Level 4.4 Unarmed Combat
 - Level 4.0 Spellcasting
 * Level 7.2 Transmutations


You had 3 spell levels left.
You knew the following spells:

 Your Spells              Type           Power        Failure   Level  Hunger
a - Beastly Appendage     Tmut           ####..       1%          1    None
b - Sticks to Snakes      Tmut           ####....     1%          2    ##.....
c - Spider Form           Tmut/Pois      ###.......   10%         3    ###....
d - Blade Hands           Tmut           ####......   21%         5    ######.


Dungeon Overview and Level Annotations

Branches:
Dungeon (5/15)             Temple (0/1) D:4

Altars:
Nemelex Xobeh
Ru

Annotations:
D:4 4 runed doors


Innate Abilities, Weirdness & Mutations

Your natural rate of healing is unusually fast.
You have razor-sharp teeth.
You have supernaturally acute eyesight. (SInv)
You can survive without breathing.


Message History

You barely miss the hound.
The hound is moderately wounded.
The hound closely misses you. x2
You closely miss the hound.
The hound is moderately wounded.
The hound misses you.
You completely miss the hound.
The hound is moderately wounded.
The hound bites you but does no damage.
You closely miss the hound.
The hound is moderately wounded.
The hound barely misses you. The hound closely misses you.
You hit the hound.
The hound is heavily wounded.
The hound pauses to sniff the ground.
The hound bites you.
You take 3 damage, and have 44/47 hp.
You miss the hound.
The hound is heavily wounded.
The hound misses you.
An orc comes into view. It is wielding a dagger.
You miss the hound.
The hound is heavily wounded.
The hound bites you. The hound completely misses you.
The orc shouts!
You take 3 damage, and have 42/47 hp.
You closely miss the hound. Your punch misses the hound.
The hound is heavily wounded.
You hear an angry hiss.
The hound closely misses you.
You hear a shout!
A ball python comes into view.
You closely miss the hound.
The hound is heavily wounded.
You hear an angry hiss.
The hound misses you. The orc hits you but does no damage.
You hit the hound but do no damage.
The hound is heavily wounded.
The hound closely misses you. The orc barely misses you. The hound bites you.
You take 3 damage, and have 40/47 hp.
You closely miss the hound.
The hound is heavily wounded.
The hound misses you. The orc hits you but does no damage.
Casting: Spider Form
Confirm with . or Enter, or press ? or * to list all spells.
You turn into a venomous arachnid creature.
Your +0 helmet melds into your body.
Your +0 pair of boots melds into your body.
Your +2 robe of fire resistance melds into your body.
You feel less resistant to fire. The hound closely misses you.
The orc hits you with a dagger. The hound completely misses you.
You now have 10/13 mp.
The hound bites you.
You take 4 damage, and have 36/47 hp.
The orc closely misses you. The hound completely misses you.
An ogre comes into view. It is wielding a giant club.
There is an open door here.
You hit the hound.
The hound is poisoned.
The hound is severely wounded.
The hound misses you. The orc completely misses you.
You hit the orc.
The orc is severely wounded.
The hound closely misses you. The orc closely misses you. The hound misses you.
You hit the orc but do no damage.
The orc is severely wounded.
The hound closely misses you. The orc closely misses you.
You hit the hound.
The hound looks as sick as possible!
The hound is almost dead.
You kill the hound!
The orc barely misses you. The ball python closely misses you.
The ball python grabs you. The ball python constricts you.
You hit the orc.
You kill the orc!
The ball python barely misses you. The ball python constricts you.
MP restored: 13 You bite the ball python!
You kill the ball python!
The ogre hits you with a giant club!!
* * * LOW HITPOINT WARNING * * *
You hear an angry hiss.
You take 22 damage, and have 16/47 hp.
MASSIVE DAMAGE!!
You hit the ogre.
The ogre is lightly wounded.
The ogre hits you with a giant club!
* * * LOW HITPOINT WARNING * * *
An adder comes into view.
You take 7 damage, and have 9/47 hp.
You hit the ogre.
The ogre is poisoned.
The ogre is moderately wounded.
The ogre closely misses you.
Your transformation is almost over.
You closely miss the adder. The adder closely misses you.
The adder bites you but does no damage. The adder closely misses you.
Your transformation has ended.
Your +0 helmet unmelds from your body.
Your +0 pair of boots unmelds from your body.
Your +2 robe of fire resistance unmelds from your body.
You feel resistant to fire. The ogre hits you with a giant club!
You die...

...(.....#(######..###.....#...#
........###..........#.....#####
.######..#.######(.######### ##
.##...######..# #
##S#.#.........# ######### #
#.)#........#.## #.......# #
#.#†'.##++##.S.# #.#####.# # #
##### ##O.# #.# #.# ##
#@.#######.#####.# .#
#..............#.# .######
#..#######.###.#.# ##.#.)#
#...## #.......# #.##.#####
##....# #####.###
#.#(##.'.##++##....## #.#
#...#.##........#.## #.#
#÷####†#..#######.# #####.###
##....##..# #.# #........


You could see an ogre and an adder.

Vanquished Creatures
  Sigmund (D:2)
  Blork the orc (D:4)
  A bullfrog (D:4)
  A hound (D:4)
  2 orc priests (D:4)
  A centaur skeleton (D:4)
  Jessica (D:2)
  An orc wizard (D:3)
  10 adders
  An ooze (D:3)
  3 worms (D:2)
  4 dart slugs
  2 leopard geckos (D:4)
  9 orcs
  12 giant cockroaches
  8 goblins
  12 hobgoblins
  7 jackals (D:2)
  8 kobolds
  2 ball pythons (D:4)
  8 bats
  5 frilled lizards
  6 rats
106 creatures vanquished.

Vanquished Creatures (collateral kills)
  A hobgoblin (D:1)
  A frilled lizard (D:1)
2 creatures vanquished.

Grand Total: 108 creatures vanquished

Notes
Turn   | Place    | Note
-------+----------+-------------------------------------------
     0 | D:1      | Monsterracer the Vampire Transmuter began the quest for the Orb.
     0 | D:1      | Reached XP level 1. HP: 14/14 MP: 3/3
   183 | D:1      | Reached XP level 2. HP: 16/20 MP: 5/5
   187 | D:1      | Learned a level 2 spell: Sticks to Snakes
   242 | D:1      | Reached skill level 3 in Transmutations
   250 | D:1      | HP: 10/20 [hobgoblin/club (2)]
   321 | D:1      | HP: 10/20 [rat (2)]
   456 | D:1      | Reached XP level 3. HP: 25/25 MP: 6/6
   461 | D:1      | Learned a level 3 spell: Spider Form
   833 | D:2      | Noticed Jessica
   843 | D:2      | Killed Jessica
   843 | D:2      | Reached skill level 4 in Transmutations
   918 | D:2      | Reached XP level 4. HP: 31/31 MP: 1/8
  1054 | D:2      | HP: 13/31 [worm (7)]
  1058 | D:2      | HP: 3/31 [worm (11)]
  1111 | D:2      | HP: 10/31 [worm (9)]
  1359 | D:2      | Noticed Sigmund
  1363 | D:2      | HP: 8/31 [Sigmund/scythe (12)]
  1375 | D:2      | Killed Sigmund
  1375 | D:2      | Reached skill level 5 in Transmutations
  1375 | D:2      | Reached XP level 5. HP: 13/36 MP: 6/10
  1375 | D:2      | Reached XP level 6. HP: 16/42 MP: 6/11
  1382 | D:2      | Learned a level 5 spell: Blade Hands
  1684 | D:2      | Found a sacrificial altar of Ru.
  2015 | D:3      | Found a sparkling altar of Nemelex Xobeh.
  2114 | D:3      | Reached skill level 6 in Transmutations
  2471 | D:3      | HP: 21/42 [poisoned by an adder]
  2476 | D:3      | HP: 19/42 [poisoned by an adder]
  2482 | D:3      | HP: 18/42 [poisoned by an adder]
  2487 | D:3      | HP: 18/42 [poisoned by an adder]
  2494 | D:3      | HP: 18/42 [poisoned by an adder]
  2502 | D:3      | HP: 19/42 [poisoned by an adder]
  2632 | D:3      | You fall through a shaft for 2 floors!
  2632 | D:5      | Entered Level 5 of the Dungeon
  2688 | D:4      | Found a large runed door.
  2688 | D:4      | Found a large runed door.
  2716 | D:4      | Found a large runed door.
  2726 | D:4      | Noticed Blork the orc
  2735 | D:4      | Killed Blork the orc
  2820 | D:4      | Reached XP level 7. HP: 27/47 MP: 13/13
  2820 | D:4      | HP: 23/47 [orc/short sword of holy wrath (4)]
  2963 | D:4      | Found a large runed door.
  2991 | D:4      | HP: 23/47 [centaur skeleton (5)]
  2996 | D:4      | HP: 17/47 [centaur skeleton (1)]
  2999 | D:4      | Reached skill level 7 in Transmutations
  3639 | D:4      | Found a staircase to the Ecumenical Temple.
  3692 | D:4      | HP: 16/47 [ogre/giant club (22)]
  3706 | D:4      | Slain by an ogre

Skill      XL: |  1  2  3  4  5  6  7 |
---------------+----------------------+-----
Transmutations | 3 4 5 6 7 |  7.2
Spellcasting   | 3 4 |  4.0
Unarmed Combat | 4 |  4.4
Fighting       | |  0.8
Dodging        | |  2.7

Action                   |  1- 3 |  4- 6 |  7- 9 || total
-------------------------+-------+-------+-------++-------
Melee: Unarmed           |   107 |   227 |    65 ||   399
       Bite              |    18 |    11 |     3 ||    32
       Headbutt          |     1 |       |       ||     1
       Kick              |     6 |       |       ||     6
       Punch             |       |     4 |       ||     4
 Cast: Beastly Appendage |     3 |     1 |       ||     4
       Sticks to Snakes  |     1 |       |       ||     1
       Spider Form       |     3 |    13 |     4 ||    20
  Use: Potion            |     8 |    11 |     3 ||    22
 Stab: Sleeping          |     1 |     2 |       ||     3
Armor: Robe              |    17 |    27 |     8 ||    52
       Skin              |       |     2 |     1 ||     3
Dodge: Dodged            |    68 |   165 |    65 ||   298

Vault maps used:
D:1:      sevenhm_arrival_forest_fort_large_4
D:2:      first_ration, lemuel_tele_altar, uniq_jessica, uniq_sigmund
D:3:      nemelex_xobeh_ov_fountains_minmay
D:4:      temple_green, minmay_hollow_rounded_squares, uniq_blork_the_orc
D:5:      kennysheep_mini, st_stairs_7
